 Dungeon Crawl Stone Soup version 0.25-a0-780-g622e69b (webtiles) character file.

Game seed: 7761116129025367987, levelgen mode: deterministic

107 JarJarBinks the Skirmisher (level 4, 0/41 HPs)
             Began as a Hill Orc Fighter on Apr 14, 2020.
             Slain by an ogre
             ... wielding a +0 giant spiked club
              (17 damage)
             ... on level 4 of the Dungeon.
             The game lasted 00:05:22 (1811 turns).

JarJarBinks the Skirmisher (Hill Orc Fighter)       Turns: 1811, Time: 00:05:23

Health: 0/41       AC:  8    Str: 19    XL:     4   Next: 86%
Magic:  0/4        EV: 10    Int:  8    God:
Gold:   51         SH: 12    Dex: 10    Spells: 3/3 levels left

rFire    . . .     SeeInvis .   a - +1 war axe
rCold    . . .     Gourm    .   c - +0 kite shield
rNeg     . . .     Faith    .   b - +0 scale mail
rPois    .         Spirit   +   (no helmet)
rElec    .         Reflect  +   q - scarf {Spirit}
rCorr    .         Harm     .   m - +0 pair of gloves
MR       .....                  (no boots)
Stlth    ..........             g - +3 amulet of reflection
HPRegen  0.13/turn              i - +3 ring of evasion
MPRegen  0.09/turn              k - ring of wizardry

@: no status effects
A: no striking features
a: no special abilities


You were on level 4 of the Dungeon.
You were not hungry.

You visited 1 branch of the dungeon, and saw 5 of its levels.

You collected 51 gold pieces.

Inventory:

Hand Weapons
 a - a +1 war axe (weapon)
Missiles
 j - 5 javelins (quivered)
Armour
 b - a +0 scale mail (worn)
 c - a +0 kite shield (worn)
 m - a +0 pair of gloves (worn)
 q - a scarf of spirit shield (worn)
Jewellery
 g - a +3 amulet of reflection (around neck)
 i - a +3 ring of evasion (left hand)
 k - a ring of wizardry (right hand)
 l - an uncursed amulet of guardian spirit
Scrolls
 e - a scroll of fog
 h - 8 scrolls of remove curse
Potions
 d - a potion of might
 n - 2 potions of curing {unknown}
 o - a potion of lignification {unknown}
 p - a potion of heal wounds {unknown}
Comestibles
 f - 4 rations


   Skills:
 + Level 4.3 Fighting
 + Level 3.9 Axes
 + Level 4.1 Armour
 - Level 0.5 Dodging
 + Level 4.0 Shields


You had 3 spell levels left.
You didn't know any spells.
Your spell library was empty.

Dungeon Overview and Level Annotations

Branches:
Dungeon (5/15)
 Temple: D:4-7

Altars:


Message History

You block the hound's attack.
Found an amulet of reflection and a scroll labeled QAZXICK IRICSEUSS.
You see here a spear.
You slash the hound!
The hound is severely wounded.
The hound bites you. x2
You closely miss the hound.
The hound is severely wounded.
You block the hound's attack. x2
You hit the hound.
You kill the hound!
Your Shields skill increases to level 4!
You slash the ogre!
The ogre is moderately wounded.
The ogre hits you with a +0 giant spiked club!!
Found a stone staircase leading up.
Found a vibrating bronze ring.
There is a stone staircase leading up here.
The ogre hits you with a +0 giant spiked club!!
You die...

... .....# ..... #.....#
....... ##.......
##.##....##......
.O.......#..#... .. #..#
#...#.?#.##....
#####.#####...."........
>##...#....#.#.O@#
......#..........#
...>............##
#..#.#..)......##
#######..........#
#............=
#...##..!#####..
#....##.#.# .
#........#.#


You could see an ogre.

Vanquished Creatures
  A hound (D:4)
  3 adders
  A worm (D:2)
  4 leopard geckos
  7 bats
  3 giant cockroaches
  8 goblins
  4 hobgoblins
  A quokka (D:2)
  2 ball pythons (D:1)
  3 frilled lizards
  5 kobolds
  4 rats
46 creatures vanquished.

Notes
Turn   | Place    | Note
-------+----------+-------------------------------------------
     0 | D:1      | JarJarBinks the Hill Orc Fighter began the quest for the
                  | Orb.
     0 | D:1      | Reached XP level 1. HP: 19/19 MP: 1/1
   101 | D:1      | Reached XP level 2. HP: 24/27 MP: 2/2
   644 | D:2      | Reached XP level 3. HP: 33/33 MP: 3/3
  1412 | D:2      | Reached XP level 4. HP: 14/40 MP: 2/4
  1782 | D:3      | You fall into a shaft and drop 2 floors!
  1782 | D:5      | Entered Level 5 of the Dungeon
  1783 | D:5      | Noticed a phantom
  1793 | D:4      | Noticed an ogre
  1811 | D:4      | Slain by an ogre

Levels and vault maps discovered:
D:1:      lightli_arrival_windingriver, layout_rooms, minmay_misc_feat_tiny
D:2:      layout_basic
D:3:      layout_basic, lemuel_round_altar, trog_three_pillars_becter,
          uniq_jessica
D:4:      layout_cave_pools, uniq_natasha, uniq_ijyb, uniq_sigmund,
          uniq_menkaure, uniq_grinder
D:5:      layout_basic, first_ration, minmay_misc_feat_five

Skill      XL: |  1  2  3  4 |
---------------+-------------+-----
Axes           | 3 |  3.9
Fighting       | 4 |  4.3
Armour         | 4 |  4.1
Shields        | 4 |  4.0
Dodging        | |  0.5

Action                   |  1- 3 |  4- 6 || total
-------------------------+-------+-------++-------
Melee: War axe           |   123 |    19 ||   142
  Use: Scroll            |     4 |     1 ||     5
  Eat: Chunk             |     1 |       ||     1
       Ration            |       |     1 ||     1
Armor: Scale mail        |    67 |     4 ||    71
Dodge: Dodged            |    66 |     7 ||    73
Block: Kite shield       |    80 |    21 ||   101

Table legend:
 A = Non-vault XP
 B = Vault XP
 C = Vault XP percentage of total XP
 D = Non-vault monster count
 E = Vault monster count
 F = Vault count percentage of total count
                 A         B        C        D         E       F
            +---------+---------+-------+---------+---------+-------
      Total |     154 |       0 |   0.0 |      46 |       0 |   0.0
            +---------+---------+-------+---------+---------+-------
        D:1 |      32 |       0 |   0.0 |      20 |       0 |   0.0
        D:2 |      53 |       0 |   0.0 |      16 |       0 |   0.0
        D:3 |      26 |       0 |   0.0 |       8 |       0 |   0.0
        D:4 |      43 |       0 |   0.0 |       2 |       0 |   0.0
            +---------+---------+-------+---------+---------+-------
